[Event "Speed Chess Championship 2023"]
[Site "Chess.com"]
[Date "2023.09.19"]
[Round "3"]
[White "Carlsen, Magnus"]
[Black "So, Wesley"]
[Result "1-0"]
[WhiteElo "3229"]
[BlackElo "3093"]
[ECO "C77"]
[EventDate "2023.??.??"]
[Annotator "rafael"]
[PlyCount "83"]
[Beauty "7559142440967"]
[EventType "team-tourn"]
[TimeControl "180+1"]

1.e4 e5 2.Nf3 Nc6 3.Bb5 a6 4.Ba4 Nf6 5.d3 Bc5 6.Bg5 h6 7.Bh4 d6 8.d4 {A move that Carlsen employed against Keymer in the recent World Cup in a game where he was in a must-win situation.} 8...exd4 9.Nxd4 Bd7 10.Bxc6 Bxc6 {A new move.} ( 10...bxc6 11.Nc3 O-O 12.Qd3 Bb4 13.Ne2 {with a complex middlegame in Carlsen-Keymer, Baku 2023.} ) 11.Nxc6 bxc6 12.Nd2 O-O 13.Qf3 Re8 {Black is not so worried with the capture on f6, since his activity compensates for the damaged pawn structure in the endgame.} 14.Bxf6 ( 14.O-O-O {is a possibility in order to keep queens on the board. Black must play} 14...Re6 $1 {[%c_effect e6;square;e6;type;GreatFind;persistent;true] protecting the knight. The position is equal.} ) 14...Qxf6 15.Qxf6 gxf6 16.O-O f5 $1 {[%c_effect f5;square;f5;type;GreatFind;persistent;true] Black takes advantage of this resource to improve the pawn structure. White should not capture the pawn, since} 17.Rfe1 ( 17.exf5 $6 Re2 18.Rad1 Rb8 19.b3 Kg7 {gives Black an excellent position.} ) 17...Rab8 18.Rab1 {This ugly move is necessary in order to keep fighting for the win. Black has no problems after} ( 18.Nb3 fxe4 19.Nxc5 dxc5 20.b3 Rbd8 ) 18...fxe4 ( 18...Bd4 $1 {[%c_effect d4;square;d4;type;GreatFind;persistent;true] It's more accurate to delay the capture on e4.} 19.c3 Bf6 {Black has no problems.} ) 19.Nxe4 Bd4 20.b3 {The type of endgame that is Carlsen's bread and butter. But let's not forget that So also has excellent technique.} 20...Kg7 ( 20...Re6 {is possible. White has only a small plus after} 21.Ng3 Rf6 22.Re2 ) 21.Ng3 $1 Kg6 22.Rxe8 Rxe8 23.Kf1 {White has a better pawn structure and a more comfortable position. It's not so easy to defend this in a blitz game against Carlsen. It's impressive how he knows which types of endgames are equal, but difficult to defend, and keeps pressing without rushing and playing the moves considered best by the computer even though he spends little time on them.} 23...a5 $6 ( 23...f5 $1 {[%c_effect f5;square;f5;type;GreatFind;persistent;true] is more precise:} 24.Re1 Rxe1+ 25.Kxe1 f4 26.Ne2 Be5 {with good defensive chances.} ) 24.Re1 $1 Ra8 $6 ( 24...Rxe1+ 25.Kxe1 {The endgame is very difficult to defend. White's knight will give Black a hard time protecting all the pawn weaknesses.} ) ( 24...Re6 {is interesting, but White can keep provoking the rook exchange after} 25.Re4 $5 ) 25.Re4 ( 25.Re7 $1 {[%c_effect e7;square;e7;type;GreatFind;persistent;true] is even better with a clear advantage.} ) 25...c5 26.Rg4+ Kf6 27.Ne2 Be5 28.Ra4 Ke6 ( 28...d5 {should be considered immediately.} ) 29.g3 ( 29.Nf4+ {is good for White, since the rook endgame after} 29...Bxf4 30.Rxf4 {is very unpleasant to defend, due to White's better pawn structure and more active rook.} ) 29...d5 30.Rh4 Bg7 31.Kg2 d4 $2 {[%c_effect d4;square;d4;type;Mistake;persistent;true] This move creates more weaknesses.} ( 31...c6 {is necessary, reinforcing the d5-pawn.} ) 32.Nf4+ $6 ( 32.Rh5 $1 {[%c_effect h5;square;h5;type;GreatFind;persistent;true] is more accurate:} 32...Kd6 33.Rf5 Rf8 34.Nf4 {with a winning advantage.} ) 32...Kd6 33.Rh5 a4 {Black gets a glimpse of hope, although the position remains difficult.} 34.Nd3 axb3 35.axb3 c4 $1 36.bxc4 Ra2 37.Rd5+ Ke7 $6 {[%c_effect e7;square;e7;type;Inaccuracy;persistent;true] The last error.} ( 37...Ke6 $1 {[%c_effect e6;square;e6;type;GreatFind;persistent;true] is correct. Now the c2-pawn cannot be defended, and 38.Nb4 is not as strong. Black has some drawing chances, for instance:} 38.Nc5+ ( 38.Nb4 Ra4 $1 ) ( 38.Rc5 Kd6 $1 ) 38...Ke7 39.Rd7+ Ke8 40.Rxc7 Rxc2 ) 38.Nb4 Ra4 ( 38...Rb2 {is a better choice, but the rook endgame is winning for White after} 39.Nc6+ ( 39.Rb5 {is also possible.} ) 39...Ke6 40.Nxd4+ Bxd4 41.Rxd4 Rxc2 42.Rh4 f6 43.Rxh6 Rxc4 44.Rh8 ) 39.Nc6+ Kf6 ( 39...Kf8 40.Rd8# ) ( 39...Ke6 40.Nxd4+ ) 40.Rxd4 Ke6 41.Rf4 Ra2 42.Nd8+ {The knight is really a dangerous piece in a blitz game.} 1-0

[Event "Tata Steel Chess India Rapid & Blitz 2023"]
[Site "Chess.com"]
[Date "2023.09.01"]
[Round "5"]
[White "Savitha Shri, B."]
[Black "Divya, Deshmukh"]
[Result "0-1"]
[WhiteElo "2236"]
[BlackElo "2216"]
[ECO "B15"]
[EventDate "2023.??.??"]
[Annotator "rafael"]
[PlyCount "72"]
[Beauty "7904887310927"]
[EventType "blitz"]
[TimeControl "1500+10"]

1.e4 c6 2.d4 d5 3.Nc3 dxe4 4.Nxe4 {This was once the undisputed main line of the Caro-Kann Defense. Nowadays the advance variation (4.e5) is also very popular.} 4...Nf6 {The fashionable move, supplanting 4...Bf5 and 4...Nd7.} 5.Nxf6+ exf6 $1 {[%c_effect f6;square;f6;type;GreatFind;persistent;true] There was a time when capturing with the g-pawn was considered the best move, but today's computers have a clear preference for taking with the e-pawn. Despite having doubled pawns and granting White a dangerous pawn majority on the queenside, it seems that Black's free piece development is a good compensation.} 6.c3 Bd6 7.Bd3 O-O 8.Qc2 Re8+ 9.Ne2 {The critical position of this opening system.} 9...h5 $1 {[%c_effect h5;square;h5;type;GreatFind;persistent;true] A somewhat surprising move, as it seems dangerous to advance the pawn two squares when White can still castle on the queenside. But practice has shown that White's attack doesn't arrive so quickly.} 10.Be3 {White decides to go for queenside castling. There are over a thousand games in this position.} ( 10.O-O {This is another natural move. Now the h-pawn continues its journey and we can understand Black's idea.} 10...h4 $1 {[%c_effect h4;square;h4;type;GreatFind;persistent;true] Taking the g3-square from the knight.} 11.h3 Nd7 {There's a lot of theory here, but Black has good results.} ) 10...Nd7 11.O-O-O b5 $1 {[%c_effect b5;square;b5;type;GreatFind;persistent;true] Black advances on the queenside and prepares Nb6.} 12.d5 $1 {[%c_effect d5;square;d5;type;GreatFind;persistent;true] The critical test. A similar position was played in the recently finished Women's World Cup, but in the game Muzychuk-Salimova, white's knight was on f3. As the machine points out, this small difference is helpful for White.} 12...c5 $1 {[%c_effect c5;square;c5;type;GreatFind;persistent;true] A strong pawn sacrifice, well known by opening theory. We're following (among others) the famous game Duda-Carlsen, which ended a long undefeated streak by the world's number one.} 13.Bxb5 Rb8 14.Ba4 $2 {[%c_effect a4;square;a4;type;Mistake;persistent;true] This move immediately lands White in trouble.} ( 14.c4 {is necessary, as played in Duda-Carlsen, Norway Chess 2020.} ) 14...Re5 $1 {[%c_effect e5;square;e5;type;GreatFind;persistent;true] If you were wondering why the computer thinks this position is better for White with the knight on f3, this is one of the reasons: the e5-square cannot be used so easily. But with the knight on e2, Black has this move, with the plan of Nb6 followed by Bf5.} 15.Nf4 {A new move. White is already losing.} ( 15.Ng3 Nb6 16.Bf4 ( 16.Bc6 Nc4 $1 ) 16...Rxd5 17.Bxd6 Qxd6 {with a decisive advantage for Black in Eden-Alsina Leal, Paleochora 2021.} ) 15...Nb6 16.Bb5 {The bishop must cover the c4-square.} ( 16.Bc6 Nc4 {is very strong.} ) 16...c4 ( 16...a6 17.Be2 c4 {with the idea of playing Bf5, is also winning for Black. To be honest, it doesn't look so ugly at first sight, but I can't argue when the computer shows a four point advantage for Black.} ) 17.Bc6 Bf5 18.Qd2 Nc8 {A good move, paving the way for the queen. There are good alternatives as well.} ( 18...Qc8 {with the idea of ...Qa6.} ) ( 18...Na4 $1 {[%c_effect a4;square;a4;type;GreatFind;persistent;true] even this spectacular move is winning.} 19.Bxa4 Qa5 {The attack cannot be stopped, for instance:} 20.Bc2 Ba3 21.Bxf5 Rxb2 22.Qxb2 Qxc3+ 23.Bc2 Qxb2+ 24.Kd2 Bb4+ 25.Ke2 Qxc2+ ) 19.g4 {White desperately tries to distract Black from attacking the queenside.} 19...hxg4 20.a4 a6 {Taking the b5-square from the bishop and preparing ...Ba3. There are many winning moves.} ( 20...Qa5 ) ( 20...Ba3 21.Bb5 Qa5 $5 {[%c_effect a5;square;a5;type;Interesting;persistent;true] with the idea} 22.bxa3 Qxa4 $1 23.Bxa4 Rb1# ) ( 20...Ne7 21.Bb5 Rxb5 $5 22.axb5 Qa5 23.Qe2 Qa1+ 24.Kd2 Qxb2+ 25.Ke1 Qxc3+ 26.Kf1 {The king has escaped to the kingside, although White's position is still losing.} ) 21.b4 {A dramatic way to avoid ...Ba3.} 21...cxb3 22.Kb2 Nb6 23.Bxb6 Qxb6 {Now Black is a pawn up, has the bishop pair, and continues the attack. The rest is easy.} 24.Nd3 Bxd3 25.Qxd3 Qxf2+ 26.Rd2 Qc5 27.Ra1 Re3 $1 28.Qd4 Qxd4 29.cxd4 Bb4 $1 {[%c_effect b4;square;b4;type;GreatFind;persistent;true] Winning more material.} 30.Rad1 Bc3+ 31.Kb1 Bxd2 32.Rxd2 b2 33.Rxb2 Rxb2+ 34.Kxb2 Kf8 35.d6 Rd3 36.d5 Rh3 0-1

[Event "Tata Steel Chess India Rapid & Blitz 2023"]
[Site "Chess.com"]
[Date "2023.09.05"]
[Round "2"]
[White "Harikrishna, Pentala"]
[Black "Gukesh, D."]
[Result "0-1"]
[WhiteElo "2646"]
[BlackElo "2651"]
[ECO "D04"]
[EventDate "2023.??.??"]
[Annotator "rafael"]
[PlyCount "104"]
[Beauty "6875168933933"]
[EventType "blitz"]
[TimeControl "1500+10"]

1.d4 Nf6 2.Nf3 d5 3.e3 c6 4.h3 Bf5 5.Nh4 ( 5.g4 $1 {[%c_effect g4;square;g4;type;GreatFind;persistent;true] is a natural way to make sense of the previous move and pose problems for Black's bishop.} ) 5...Bd7 {A curious square for the bishop.} ( 5...Be4 {is more natural.} ) 6.Bd3 c5 7.c3 $6 ( 7.c4 {is more active. A strange opening, for sure.} ) 7...Nc6 8.Nf3 Qc7 9.Nbd2 e5 $1 {[%c_effect e5;square;e5;type;GreatFind;persistent;true] A thematic break that gives Black an excellent game.} 10.e4 $6 {[%c_effect e4;square;e4;type;Inaccuracy;persistent;true] This makes the situation worse. White should accept a slightly inferior position after} ( 10.dxe5 Nxe5 11.Nxe5 Qxe5 12.Nf3 Qc7 ) 10...cxd4 $6 ( 10...exd4 $1 {[%c_effect d4;square;d4;type;GreatFind;persistent;true] is very strong. The idea is:} 11.cxd4 Nb4 12.Bb1 Bb5 $1 {[%c_effect b5;square;b5;type;GreatFind;persistent;true] and White's king is stuck in the center.} ) 11.cxd4 Nb4 12.Bb1 $2 {[%c_effect b1;square;b1;type;Mistake;persistent;true] This allows the same idea with ...Bb5.} ( 12.Nxe5 {is better:} 12...Nxd3+ 13.Nxd3 dxe4 14.Qe2 O-O-O 15.Ne5 {Black's position is preferable, but this variation is better for White than what happens in the game.} ) 12...dxe4 $2 ( 12...Bb5 $1 {[%c_effect b5;square;b5;type;GreatFind;persistent;true] leads to a crushing advantage.} 13.a3 ( 13.dxe5 dxe4 $1 14.Nd4 ( 14.Nxe4 Nxe4 15.Bxe4 Rd8 16.Bd2 Qc4 {with a decisive initiative.} ) 14...Qxe5 15.Nxb5 Nd3+ $1 16.Bxd3 exd3+ 17.Kf1 Qxb5 {with a winning position for Black.} ) 13...Rc8 $1 ) 13.Nxe5 Rc8 $6 ( 13...Bb5 $1 {[%c_effect b5;square;b5;type;GreatFind;persistent;true] again was very strong, althought not decisive.} 14.Nxe4 Nxe4 15.Bxe4 Bd6 {with a strong initiative since White's king is insecure.} ) 14.Nxd7 Kxd7 {The king is not afraid of going to d7. Strange things happen in rapid games $1} 15.Nxe4 {This move leads to a position with a material imbalance that is difficult to assess.} ( 15.O-O $1 {[%c_effect g1;square;g1;type;GreatFind;persistent;true] is stronger, giving White the initiative. For instance:} 15...Nc2 16.Nxe4 $1 Nxe4 ( 16...Nxa1 $2 17.Nxf6+ gxf6 18.Bf5+ {is winning for White.} ) 17.Qg4+ Kd8 18.Qxe4 Nxa1 19.Qd5+ {with a strong attack, even though White is a rook down at the moment.} ) 15...Qxc1 16.Nc5+ {This is White's idea.} 16...Rxc5 17.Bf5+ $1 Rxf5 18.Rxc1 Bd6 19.O-O {I find positions with three minor pieces against queen difficult to evaluate. On the one hand, the pieces can be very dangerous if they get good coordination, but on the other hand, coordination is not easy to achieve and the queen is always a dangerous piece. The computer evaluates this position as equal.} 19...Rb8 ( 19...Rd5 $1 {[%c_effect d5;square;d5;type;GreatFind;persistent;true] it's important to blockade White's pawn.} ) 20.Re1 ( 20.d5 $1 {[%c_effect d5;square;d5;type;GreatFind;persistent;true] is an excellent sacrifice in order to activate the queen. If} 20...Rxd5 $6 21.Qb3 {the position becomes dangerous for Black.} ) 20...Nc6 21.Rc3 ( 21.d5 $1 ) 21...Rd5 $1 {[%c_effect d5;square;d5;type;GreatFind;persistent;true] The pawn is now blocked, and Black is fine.} 22.Rf3 Rd8 23.Rxf6 $2 {[%c_effect f6;square;f6;type;Mistake;persistent;true] A typical blitz decision. Harikrishna sacrifices material in order to create chances for his queen to perform, but Gukesh defends well.} ( 23.Qb3 {is better, with a balanced position. A possible variation is:} 23...Kc8 24.g3 {Threatening 25.Rxf6.} ( 24.Rxf6 $2 gxf6 25.Qxd5 Bh2+ ) 24...Nxd4 25.Qc4+ Bc7 26.Rxf6 $1 gxf6 27.Re7 Nc6 28.Rxf7 {and anything can happen.} ) 23...gxf6 24.Qf3 Kc7 25.Qxf6 Rd7 26.g3 Nxd4 27.Kg2 Nc6 {Black has stabilized the position and has a material advantage.} 28.Re2 Be5 29.Qh6 f5 $1 30.Rc2 ( 30.f4 {is more stubborn, avoiding Black's next move.} ) 30...f4 $1 31.g4 ( 31.gxf4 Rg7+ 32.Kf1 Rd1+ 33.Ke2 Rd6 {White's king is in danger and Black's pieces will soon start a decisive onslaught.} ) 31...Kb8 $1 {[%c_effect b8;square;b8;type;GreatFind;persistent;true] Starting a nice plan to get the king into a safe position.} 32.f3 a6 33.h4 Ka7 34.g5 Nb4 {Gukesh decides to grab the a-pawn, but he could start an immediate mating attack with} ( 34...Rd1 {and the knight possibly going to d4.} ) 35.Re2 Nxa2 36.Qe6 Bc7 37.Qf6 Nb4 {White is unable to create any meaningful counterplay.} 38.Kh3 ( 38.h5 Bd8 $1 {[%c_effect d8;square;d8;type;GreatFind;persistent;true] picking up the g5-pawn.} ) 38...Nc6 39.b4 Ne5 40.Qxf4 Ng6 {Further material losses are unavoidable.} 41.Qe3+ Bb6 42.Qc1 Rd1 43.Qc2 Rh1+ 44.Rh2 ( 44.Kg2 Rg1+ 45.Kh2 Nxh4 46.Qe4 Rd4 {winning easily.} ) 44...Rg1 45.Rd2 Nf4+ 46.Kh2 Rxd2+ 47.Qxd2 Rg2+ 48.Qxg2 Nxg2 49.Kxg2 Be3 50.Kg3 b6 51.f4 a5 52.bxa5 bxa5 {0-} 0-1

[Event "Tata Steel Chess India Rapid & Blitz 2023"]
[Site "Chess.com"]
[Date "2023.09.08"]
[Round "8"]
[White "Vidit, Santosh Gujrathi"]
[Black "Keymer, Vincent"]
[Result "1-0"]
[WhiteElo "2641"]
[BlackElo "2645"]
[ECO "E54"]
[EventDate "2023.??.??"]
[Annotator "rafael"]
[PlyCount "45"]
[Beauty "8248241185331"]
[EventType "blitz"]
[TimeControl "180+2"]

1.d4 Nf6 2.c4 e6 3.Nc3 Bb4 4.e3 O-O 5.Bd3 d5 6.Nf3 dxc4 7.Bxc4 c5 8.O-O cxd4 9.exd4 b6 {This is one of the main positions of the Nimzo-Indian, and it can actually occur after other move orders as well. There are thousands of games here.} 10.Bg5 {The most popular move.} 10...Bb7 11.Qe2 Bxc3 12.bxc3 Nc6 {This is a very rare move. The knight usually goes to d7.} ( 12...Nbd7 $1 ) 13.Ne5 Ne7 $1 {[%c_effect e7;square;e7;type;GreatFind;persistent;true] A good and thematic maneuver. The knight goes to the kingside, and Black is not worried about the doubled pawns after 14.Bxf6.} 14.Rad1 ( 14.Bxf6 $6 gxf6 15.Ng4 Ng6 {The kingside is very solid, despite the doubled pawns.} ) ( 14.Bd3 {is natural and probably the best move, avoiding ...Ne4.} ) 14...Rc8 ( 14...Ne4 $1 {[%c_effect e4;square;e4;type;GreatFind;persistent;true] threatens the bishop and the pawn on c3. The game becomes very sharp, and White has to find the strong} 15.d5 $1 {[%c_effect d5;square;d5;type;GreatFind;persistent;true] to avoid ending up in a worse position.} ( 15.Bh4 $2 Nxc3 16.Qg4 Qd6 {was better for Black in Girones Barrios-Rodrigue Lemieux, Charlotte Summer 2022.} ) 15...Nxg5 ( 15...exd5 $2 16.Qxe4 $1 {[%c_effect e4;square;e4;type;GreatFind;persistent;true] wins material.} ) ( 15...Bxd5 16.Nc6 $3 {[%c_effect c6;square;c6;type;Brilliant;persistent;true] wins the queen.} ) ( 15...Nxc3 16.Qg4 Nxd1 17.Bf6 {with a decisive attack on the dark squares.} ) 16.dxe6 Bd5 17.exf7+ Nxf7 18.Bxd5 Nxd5 19.Nxf7 Rxf7 20.Qe6 Qd7 21.Qxd5 Qxd5 22.Rxd5 Rc8 {After all the fireworks, White is a pawn up but a draw is the most likely result.} ) 15.Rd3 ( 15.Bxf6 {It's better for White to start concrete play with this move:} 15...gxf6 16.Nxf7 $1 {[%c_effect f7;square;f7;type;GreatFind;persistent;true] This is the point.} 16...Rxf7 17.Bxe6 Bd5 18.Bxf7+ {Positions with ф rook and two pawns against ф bishop and knight can be hard to evaluate.} 18...Bxf7 ( 18...Kxf7 19.Rfe1 {with a complicated game.} ) 19.d5 $1 Qd6 20.c4 {White has some initiative in this complex position.} ) 15...Ne4 $1 {[%c_effect e4;square;e4;type;GreatFind;persistent;true] Now Black achieves a good game.} 16.Bh4 Qc7 17.Rh3 $6 ( 17.Bxe7 {is objectively better, although it's probably not the best for a blitz game, as Black's play becomes easy and risk-free.} 17...Qxe7 18.Re3 Nxc3 $5 19.Rxc3 b5 {with a slight advantage for Black.} ) 17...Nf5 ( 17...Ng6 $1 {[%c_effect g6;square;g6;type;GreatFind;persistent;true] is more accurate:} 18.Nxg6 hxg6 19.Bd3 Nxc3 20.Qg4 Nd5 {Black is in time to avoid mate on the h-file, but this is easier to conclude when you're sitting comfortably in a room with air conditioning and Stockfish instead of the tournament hall across from your opponent.} ) 18.Bd3 Nxc3 19.Qh5 {Black has a fine position, but he needs to defend very precisely.} 19...h6 20.Bf6 $1 ( 20.Bxf5 {is also possible, but Black defends after} 20...exf5 21.Bf6 Qd6 $1 {[%c_effect d6;square;d6;type;GreatFind;persistent;true] The only move.} 22.Bxg7 Kxg7 23.Rg3+ Kf6 24.Nxf7 $1 {[%c_effect f7;square;f7;type;GreatFind;persistent;true] to play 25.Rg6+.} 24...Ne2+ $1 25.Qxe2 Rxf7 {and the danger is over.} ) 20...Be4 $6 ( 20...Nd5 $1 {[%c_effect d5;square;d5;type;GreatFind;persistent;true] is better:} 21.Ng4 $1 ( 21.Bxg7 $2 Nf4 {wins for Black.} ) 21...Qf4 $1 {[%c_effect f4;square;f4;type;GreatFind;persistent;true] The queen comes to the rescue and Black is able to defend.} ) 21.Bxg7 $1 Bxd3 $2 {[%c_effect d3;square;d3;type;Mistake;persistent;true] A blunder.} ( 21...Kxg7 22.Qg4+ Kh7 23.Bxe4 Nxe4 24.Qxe4 Qd6 {White has only a slight advantage.} ) 22.Bxh6 {The attack cannot be stopped now.} 22...Be2 23.Qg5+ 1-0